 Dungeon Crawl Stone Soup version 0.30.1-4-g462c640d31 (webtiles) character file.

Game seed: 8416704263530604891

9 Jimmdoggo the Shooter (level 1, 16/17 HPs)
             Began as a Demigod Hunter on Sept 3, 2023.
             Quit the game on level 1 of the Dungeon.
             The game lasted 00:01:46 (271 turns).

Jimmdoggo the Shooter (Demigod Hunter)               Turns: 271, Time: 00:01:46

Health: 16/17      AC:  3    Str: 12    XL:     1   Next: 93%
Magic:  3/3        EV: 12    Int: 11    God:
Gold:   15         SH:  0    Dex: 17    Spells: 0/0 levels left

rFire   . . .        a - +0 shortbow
rCold   . . .        (shield currently unavailable)
rNeg    . . .        c - +0 leather armour
rPois   .            (no helmet)
rElec   .            (no cloak)
rCorr   .            (no gloves)
SInv    .            (no boots)
Will    .....        (no amulet)
Stlth   ++           (no ring)
HPRegen 0.22/turn    (no ring)
MPRegen 0.08/turn

%: no passive effects
@: no status effects
A: high MP 1, forlorn, divine attributes
a: no special abilities


You were on level 1 of the Dungeon.
You visited 1 branch of the dungeon, and saw 1 of its levels.

You collected 15 gold pieces.

Inventory:

Hand Weapons
 a - a +0 shortbow (weapon)
Armour
 c - a +0 leather armour (worn)
 d - a +0 ring mail
Scrolls
 b - a scroll of immolation
 e - a scroll of teleportation {unknown}
 f - a scroll of enchant weapon {unknown}
 g - a scroll of magic mapping {unknown}
 h - a scroll of silence {unknown}


   Skills:
 + Level 1.9 Fighting
 * Level 3.8 Ranged Weapons
 + Level 1.9 Dodging
 + Level 1.1 Stealth


You couldn't memorise any spells.
You didn't know any spells.
Your spell library was empty.

Dungeon Overview and Level Annotations

Branches:
Dungeon (1/15)


Innate Abilities, Weirdness & Mutations

You have an increased reservoir of magic. (+10% MP)
You shall have no god before yourself.
Your divine heritage dramatically boosts your attributes as you level up.


Message History

Okay, then.
Fire: a) +0 shortbow
Press: ? - help, Q - select action Shift-Dir - straight line, f - endoplasm
Aim: an endoplasm (86% to hit)
You shoot an arrow. The arrow hits the endoplasm!
You kill the endoplasm!
A jackal comes into view.
Fire: a) +0 shortbow
Press: ? - help, Q - select action Shift-Dir - straight line, f - jackal
Aim: a jackal (asleep, 98% to hit)
You shoot an arrow. The arrow hits the jackal!
You kill the jackal!
You hear a bark! x2
A jackal comes into view.
You hear a bark!
Fire: a) +0 shortbow
Press: ? - help, Q - select action Shift-Dir - straight line, f - jackal
Aim: a jackal (wandering, hasn't noticed you, 53% to hit)
You shoot an arrow. The arrow barely misses the jackal.
The jackal barks!
A jackal comes into view.
Fire: a) +0 shortbow
Press: ? - help, Q - select action Shift-Dir - straight line, f/p - jackal
Aim: a jackal (53% to hit)
You shoot an arrow. The arrow hits the jackal.
The jackal is moderately wounded.
The jackal closely misses you. x2
The jackal bites you but does no damage. x2
The jackal attacks as you move away! The jackal bites you.
The jackal barely misses you. x2; The jackal misses you.
The jackal attacks as you move away! The jackal completely misses you.
The jackal attacks as you move away! The jackal misses you.
Fire: a) +0 shortbow
Press: ? - help, Q - select action Shift-Dir - straight line, f/p - jackal
Aim: a jackal (moderately wounded, 53% to hit)
You shoot an arrow. The arrow hits the jackal.
You kill the jackal!
The jackal bites you but does no damage.
Unknown command.
Are you sure you want to abandon this character and quit the game? (Confirm with "yes".)

##.#..### #
###.#.##
#.#.###.....#
#.....#.....#
#.........#
###.#.....#
#.#.....# #
#h##### #@#
#.# #.# ..#
#.# #.# #.#
#.#


You could see a jackal.

Vanquished Creatures
  2 ball pythons (D:1)
  An endoplasm (D:1)
  A goblin (D:1)
  2 jackals (D:1)
  A quokka (D:1)
  A rat (D:1)
8 creatures vanquished.

Notes
Turn   | Place    | Note
-------+----------+-------------------------------------------
     0 | D:1      | Jimmdoggo the Demigod Hunter began the quest for the Orb.
     0 | D:1      | Reached XP level 1. HP: 17/17 MP: 3/3
    88 | D:1      | Reached skill level 1 in Stealth
   271 | D:1      | Quit the game

Illustrated notes

Levels and vault maps discovered:
D:1:      dpeg_arrival_pond, layout_loops_ring, minmay_misc_feat_four_crosses,
          minmay_misc_feat_tower

Skill      XL: |  1 |
---------------+----+-----
Stealth        | 1 |  1.1
Fighting       | |  1.9
Ranged Weapons | |  3.8
Dodging        | |  1.9

Action                     || total
---------------------------++-------
   Fire: Shortbow          ||    23
 Armour: Leather armour    ||     5
  Dodge: Dodged            ||    17
